 Dungeon Crawl Stone Soup version 0.27-a0-1137-g3ef0f4ec91 (webtiles) character file.

Game seed: 5218812855405829361

182 Zeld the Skirmisher (level 5, -3/37 HPs)
             Began as an Octopode Fighter on May 6, 2021.
             Slain by a sky beast (6 damage)
             ... on level 4 of the Dungeon.
             The game lasted 00:05:41 (3336 turns).

Zeld the Skirmisher (Octopode Fighter)              Turns: 3336, Time: 00:05:41

Health: -3/37      AC:  1    Str: 16    XL:     5   Next: 62%
Magic:  5/5        EV: 11    Int: 10    God:
Gold:   172        SH: 11    Dex: 12    Spells: 4/4 levels left

rFire    . . .     SeeInvis .   a - +0 war axe
rCold    . . .     Faith    .   m - +2 kite shield
rNeg     . . .     Spirit   .   (helmet restricted)
rPois    .         Reflect  .   (no amulet)
rElec    .         Harm     .   (no ring)
rCorr    .         Rampage  .   (no ring)
Will     .....                  (no ring)
Stlth    ++........             (no ring)
HPRegen  0.12/turn              (no ring)
MPRegen  0.09/turn              (no ring)
                                (no ring)
                                (no ring)

@: mighty
A: almost no armour, amphibious, 8 rings, camouflage 1, gelatinous body 1,
(nimble swimmer 1), tentacles
a: no special abilities


You were on level 4 of the Dungeon.
You visited 1 branch of the dungeon, and saw 4 of its levels.

You collected 172 gold pieces.

Inventory:

Hand Weapons
 a - a +0 war axe (weapon)
Missiles
 r - 4 poisoned darts (quivered)
Armour
 m - a +2 kite shield (worn)
Wands
 o - a wand of polymorph (2)
 s - a wand of flame (19)
Scrolls
 d - a scroll of amnesia {unknown}
 g - 3 scrolls of teleportation {unknown}
 i - 4 scrolls of identify {unknown}
 j - a scroll of torment {unknown}
 p - a scroll of summoning {unknown}
Potions
 b - 2 potions of curing {unknown}
 c - a potion of might
 e - 2 potions of flight {unknown}
 f - 2 potions of lignification {unknown}
 h - 2 potions of ambrosia {unknown}
 k - a potion of attraction {unknown}
 l - a potion of haste {unknown}
 n - a potion of cancellation {unknown}
 q - a potion of degeneration {unknown}


   Skills:
 * Level 4.2 Fighting
 * Level 3.6 Axes
 - Level 3.0 Dodging
 * Level 4.2 Shields


You had 4 spell levels left.
You didn't know any spells.
Your spell library was empty.

Dungeon Overview and Level Annotations

Branches:
Dungeon (4/15)
 Temple: D:4-7

Altars:
Dithmenos
Xom

Shops:
D:3 (


Innate Abilities, Weirdness & Mutations

You cannot wear most types of armour.
You are amphibious.
You can wear up to eight rings at the same time.
Your skin changes colour to match your surroundings (Stealth+).
Your rubbery body absorbs attacks. (AC +1, EV +1)
((You are camouflaged near water. (Stealth+)))
You have tentacles for arms and can constrict up to eight enemies at once.


Message History

Found a stone staircase leading down.
g - 3 scrolls labelled SAJONECHUGECO (gained 1)
A worm is nearby!
Found 9 stones.
You hit the worm. You grab the worm.
The worm is moderately wounded.
You constrict the worm. The worm bites you.
You hit the worm. You squeeze the worm!
The worm is almost dead.
You constrict the worm.
You kill the worm!
No target in view!
Found 15 arrows.
A sky beast comes into view.
You see here 15 arrows.
A sky beast is nearby!
Okay, then.
You feel very mighty all of a sudden.
You slash the sky beast!
The sky beast is heavily wounded.
The sky beast flickers out of sight!
Deactivating autopickup; reactivate with Ctrl-A.
Something hits you. Something shocks you.
No target in view!
Something hits you. Something shocks you.
Aiming: Throw Flame
Press: ? - help, Shift-Dir - straight line Something hits you.
Something shocks you. Something hits you.
* * * LOW HITPOINT WARNING * * *
Something shocks you.
* * * LOW HITPOINT WARNING * * *
A sky beast appears from thin air!
Reactivating autopickup.
You slash the sky beast!
The sky beast is almost dead.
The sky beast hits you.
* * * LOW HITPOINT WARNING * * *
The sky beast shocks you.
You die...

#..#.##..........##....
#................##....
####.####..............
#.# #........>...†. #.#
###########.##.
#.######### ##.##.
#.#.......# ##.....
#......##.# ##......
###@##.##.###.(...#.
#Y##.(............
#.#####.###.....##
#.#####.# ##...##
#.......# ##.##
######### ###


You could see a sky beast.

Vanquished Creatures
  A jelly (D:2)
  Ijyb (D:4)
  3 gnolls (D:3)
  3 adders
  A worm (D:4)
  2 dart slugs
  3 orcs (D:3)
  6 endoplasms
  2 giant cockroaches
  6 goblins
  3 hobgoblins
  4 quokkas
  6 ball pythons
  5 bats
  4 frilled lizards
  8 kobolds
  4 rats
62 creatures vanquished.

Vanquished Creatures (others)
  4 dream sheep (D:4)
4 creatures vanquished.

Grand Total: 66 creatures vanquished

Notes
Turn   | Place    | Note
-------+----------+-------------------------------------------
     0 | D:1      | Zeld the Octopode Fighter began the quest for the Orb.
     0 | D:1      | Reached XP level 1. HP: 16/16 MP: 1/1
   286 | D:1      | Reached XP level 2. HP: 20/21 MP: 2/2
   942 | D:2      | Reached XP level 3. HP: 22/26 MP: 3/3
  1292 | D:2      | Reached XP level 4. HP: 15/33 MP: 4/4
  1483 | D:2      | Found a shimmering altar of Xom.
  1868 | D:3      | Found Muopsu's Weapon Shoppe.
  2059 | D:3      | Reached XP level 5. HP: 36/37 MP: 5/5
  2711 | D:3      | Found a shadowy altar of Dithmenos.
  2748 | D:3      | Found a faded altar of an unknown god.
  2996 | D:4      | Noticed a dream sheep
  2996 | D:4      | Noticed a dream sheep
  2996 | D:4      | Noticed a dream sheep
  2996 | D:4      | Noticed a dream sheep
  2996 | D:4      | Noticed a dream sheep
  2996 | D:4      | Found a shimmering altar of Xom.
  2999 | D:4      | Noticed an elephant
  2999 | D:4      | a dream sheep changed into an elephant
  3001 | D:4      | Killed a dream sheep
  3002 | D:4      | Killed a dream sheep
  3002 | D:4      | Killed a dream sheep
  3003 | D:4      | Killed a dream sheep
  3154 | D:4      | Noticed Ijyb
  3159 | D:4      | Killed Ijyb
  3318 | D:4      | Noticed a sky beast
  3336 | D:4      | Slain by a sky beast

Illustrated notes

Levels and vault maps discovered:
D:1:      amcnicky_arrival_gap_in_the_tavern_cellar, layout_basic,
          minmay_misc_feat_enclosed, skrybe_limestone_x, corexii_corridor_pit
D:2:      layout_rooms, basic_altar
D:3:      layout_loops_ring, general_overflow_altar,
          hellmonk_ecumenical_altar_leap_of_faith, serial_shops,
          nicolae_shop_stone, minmay_close_crescents
D:4:      layout_loops_cross, kb_xom_exploding_sheep, kennysheep_generic_room_4,
          uniq_duvessa, uniq_ijyb

Skill      XL: |  1  2  3  4 |
---------------+-------------+-----
Axes           | 3 |  3.6
Fighting       | 4 |  4.2
Shields        | 4 |  4.2
Dodging        | |  3.0

Action                   |  1- 3 |  4- 6 || total
-------------------------+-------+-------++-------
Melee: War axe           |    44 |    64 ||   108
       Constrict         |     8 |    22 ||    30
       Tentacles         |     7 |    18 ||    25
Evoke: Wand              |       |     3 ||     3
  Use: Potion            |       |     1 ||     1
 Stab: Sleeping          |    10 |     1 ||    11
Armor: Skin              |     3 |     8 ||    11
Dodge: Dodged            |    17 |    24 ||    41
Block: Kite shield       |    16 |    33 ||    49

Table legend: (Time is in decaauts)
 A = Elapsed time spent in this place.
 B = Non-inter-level travel time spent in this place.
 C = Inter-level travel time spent in this place.
 D = Time resting spent in this place.
 E = Time spent auto-exploring this place.
 F = Levels seen in this place.
 G = Mean time per level.
                   A        B        C        D        E       F      G
               +--------+--------+--------+--------+--------+-----+--------+
         Total |   3398 |   3292 |    106 |     61 |   2608 |   4 |  849.5 |
       Dungeon |   3398 |   3292 |    106 |     61 |   2608 |   4 |  849.5 |
               +--------+--------+--------+--------+--------+-----+--------+

Top non-repeatable levels by time:
     D:3: 1309 daAuts
     D:1: 938 daAuts
     D:2: 692 daAuts
     D:4: 457 daAuts
